 Dungeon Crawl Stone Soup version 0.24.0-125-gc4c63601f3 (webtiles) character file.

Game seed: 69574761437131385, levelgen mode: deterministic

817 Peloso the Slasher (level 7, -1/60 HPs)
             Began as a Minotaur Fighter on Mar 11, 2020.
             Splashed by a jelly's acid (10 damage)
             ... on level 5 of the Dungeon.
             The game lasted 00:07:24 (4471 turns).

Peloso the Slasher (Minotaur Fighter)               Turns: 4471, Time: 00:07:26

Health: -1/60      AC: 12    Str: 21    XL:     7   Next: 62%
Magic:  6/6        EV:  7    Int:  5    God:
Gold:   231        SH: 10    Dex: 11    Spells: 6/6 levels left

rFire    . . .     SeeInvis .   a - +0 long sword
rCold    . . .     Gourm    .   c - +0 shield
rNeg     . . .     Faith    .   v - +0 chain mail
rPois    .         Spirit   .   (helmet restricted)
rElec    .         Reflect  .   (no cloak)
rCorr    .         Harm     .   o - +0 pair of gloves
MR       .....                  u - +0 pair of boots
Stlth    ..........             (no amulet)
HPRegen  0.20/turn              i - ring of flight
MPRegen  0.10/turn              (no ring)

@: no status effects
A: retaliatory headbutt, horns 2, blink, wild magic 1
a: Blink, Evoke Flight


You were on level 5 of the Dungeon.
You were near starving.

You visited 1 branch of the dungeon, and saw 5 of its levels.

You collected 231 gold pieces.

Inventory:

Hand Weapons
 a - a +0 long sword (weapon)
Armour
 b - a +0 scale mail
 c - a +0 shield (worn)
 o - a +0 pair of gloves (worn)
 u - a +0 pair of boots (worn)
 v - a +0 chain mail (worn)
Jewellery
 i - a ring of flight (left hand)
Wands
 p - a wand of disintegration (16)
Scrolls
 e - a scroll of blinking {unknown}
 h - a scroll of enchant armour {unknown}
 k - 2 scrolls of teleportation
 m - a scroll of immolation {unknown}
 n - 2 scrolls of remove curse
 r - a scroll of magic mapping {unknown}
 t - 2 scrolls of identify {unknown}
Potions
 d - 2 potions of ambrosia
 g - 2 potions of haste
 j - a potion of brilliance
 l - a potion of degeneration {unknown}
 q - a potion of magic {unknown}
Comestibles
 f - 9 rations


   Skills:
 + Level 4.8 Fighting
 + Level 6.6 Long Blades
 + Level 6.3 Armour
 + Level 1.9 Dodging
 + Level 0.1 Stealth
 + Level 6.0 Shields


You had 6 spell levels left.
You didn't know any spells.
Your spell library was empty.

Dungeon Overview and Level Annotations

Branches:
Dungeon (5/15)
 Temple: D:4-7

Altars:
Ashenzari
Ru
Sif Muna
Trog
Uskayaw
The Shining One


Innate Abilities, Weirdness & Mutations

You reflexively headbutt those who attack you in melee.
You have a pair of horns on your head.
You can translocate small distances at will.
Your spells are a little harder to cast, but a little more powerful.


Message History

You feel sick.
You feel sick.
You are no longer poisoned.
You open the door.
Found a glowing golden altar of the Shining One.
A jelly comes into view.
The jelly quivers.
There is an open door here.
A jelly is nearby!
The angel shouts!
You start resting.
The jelly is too close now for your liking.
You are near starving!
You hit the jelly.
Your hands burn!
* * * LOW HITPOINT WARNING * * *
The jelly is lightly wounded.
The jelly hits you.
* * * LOW HITPOINT WARNING * * *
You are splashed with acid!
You die...

##A ##### #§.§# #._.#
#§.§# #...#
##########§.§#
##.....#..##..@#
##.........###J###
#..........#.....#.
#....................
#..........#.....#..J.
#..........###+### ...
##..........# ..
............# .
.#.......#..#


You could see an angel and a jelly.

Vanquished Creatures
  A hippogriff (D:4)
  Sigmund (D:5)
  2 ogres (D:4)
  An orc priest (D:5)
  3 orc wizards
  9 adders
  An ooze (D:2)
  6 worms
  2 dart slugs
  4 leopard geckos
  13 orcs
  10 bats
  7 giant cockroaches
  9 goblins
  7 hobgoblins
  9 kobolds
  A ball python (D:2)
  7 frilled lizards
  8 rats
101 creatures vanquished.

Notes
Turn   | Place    | Note
-------+----------+-------------------------------------------
     0 | D:1      | Peloso the Minotaur Fighter began the quest for the Orb.
     0 | D:1      | Reached XP level 1. HP: 19/19 MP: 0/0
   101 | D:1      | Reached XP level 2. HP: 10/27 MP: 1/1
   972 | D:2      | Reached XP level 3. HP: 15/33 MP: 2/2
   979 | D:2      | HP: 1/33 [worm (7)]
  1318 | D:2      | Found a shimmering blue altar of Sif Muna.
  1400 | D:2      | Reached XP level 4. HP: 8/40 MP: 3/3
  1664 | D:2      | Found a shattered altar of Ashenzari.
  2128 | D:3      | Gained mutation: Your spells are a little harder to cast,
                  | but a little more powerful. [potion of mutation]
  2128 | D:3      | Gained mutation: You can translocate small distances at
                  | will. [potion of mutation]
  2222 | D:3      | Found a bloodstained altar of Trog.
  2251 | D:3      | Found a hide-covered altar of Uskayaw.
  2333 | D:3      | Reached XP level 5. HP: 31/46 MP: 4/4
  2394 | D:3      | Reached skill level 1 in Dodging
  2540 | D:3      | Found a sacrificial altar of Ru.
  3200 | D:4      | Noticed an ogre
  3212 | D:4      | Killed an ogre
  3212 | D:4      | Reached skill level 5 in Long Blades
  3212 | D:4      | Reached skill level 5 in Armour
  3212 | D:4      | Reached XP level 6. HP: 15/53 MP: 5/5
  3664 | D:4      | Reached skill level 5 in Shields
  3738 | D:5      | Entered Level 5 of the Dungeon
  3763 | D:5      | Noticed Sigmund
  3768 | D:5      | Noticed a hippogriff
  3794 | D:4      | Killed a hippogriff
  3794 | D:4      | Reached XP level 7. HP: 17/60 MP: 6/6
  4412 | D:5      | Killed Sigmund
  4463 | D:5      | Found a glowing golden altar of the Shining One.
  4465 | D:5      | Noticed an angel
  4471 | D:5      | Splashed by a jelly's acid

Levels and vault maps discovered:
D:1:      psy_arrival_radial01, layout_basic
D:2:      layout_loops_ring, evilmike_ruin_ashenzari, lemuel_blue_sif_altar
D:3:      minmay_recursive_quarters, layout_basic,
          nicolae_overflow_crystal_walls, old_standard_altar, first_ration,
          bloody_trog
D:4:      layout_cave_pools
D:5:      layout_rooms, grunt_temple_overflow_holy_war, grunt_gozag_breadcrumbs,
          uniq_sigmund

Skill      XL: |  1  2  3  4  5  6  7 |
---------------+----------------------+-----
Shields        | 4 5 6 |  6.0
Armour         | 4 5 6 |  6.3
Long Blades    | 3 4 5 6 |  6.6
Fighting       | 4 |  4.8
Dodging        | 1 |  1.9
Stealth        | |  0.1

Action                   |  1- 3 |  4- 6 |  7- 9 || total
-------------------------+-------+-------+-------++-------
Melee: Long sword        |    87 |   169 |    21 ||   277
       Headbutt          |     9 |    38 |     4 ||    51
  Use: Potion            |       |     8 |       ||     8
       Scroll            |       |     2 |       ||     2
  Eat: Chunk             |     1 |     8 |     1 ||    10
Armor: Scale mail        |    62 |    54 |       ||   116
       Chain mail        |       |    66 |    17 ||    83
Dodge: Dodged            |    36 |    53 |     3 ||    92
Block: Shield            |    65 |   119 |    22 ||   206
       Rpst.: Long sword |     8 |    18 |       ||    26
